 Dungeon Crawl Stone Soup version 0.31-a0-716-gc7603755dd (webtiles) character file.

Game seed: 13868787274354408161

1624 mdonais the Shooter (level 8, 0/57 HPs)
             Began as an Octopode Hexslinger on Sept 9, 2023.
             Was an Initiate of Hepliaklqana.
             Slain by an ice beast (9 damage)
             ... on level 6 of the Dungeon on Sept 10, 2023.
             The game lasted 00:24:51 (6673 turns).

mdonais the Shooter (Octopode Hexslinger)           Turns: 6673, Time: 00:24:52

Health: 0/57       AC:  1    Str:  7      XL:     8   Next: 97%
Magic:  0/12       EV: 13    Int: 28      God:    Hepliaklqana [......]
Gold:   308        SH:  0    Dex: 13 (16) Spells: 5/13 levels left

rFire   . . .        a - +2 sling
rCold   . . .        (no shield)
rNeg    . . .        (helmet restricted)
rPois   .            h - amulet of guardian spirit
rElec   .            g - ring of resist corrosion
rCorr   +            o - +6 ring of intelligence
SInv    .            q - +6 ring of intelligence
Will    .....        (no ring)
Stlth   +++          (no ring)
HPRegen 0.29/turn    (no ring)
MPRegen 0.13/turn    (no ring)
                     (no ring)

%: guardian spirit
@: weak-willed, jinxed
A: almost no armour, amphibious, 8 rings, camouflage 1, gelatinous body 1,
(nimble swimmer 1), tentacles
a: Renounce Religion


You were on level 6 of the Dungeon.
You worshipped Hepliaklqana.
Hepliaklqana was noncommittal.
You visited 2 branches of the dungeon, and saw 7 of its levels.
You also visited: Ossuary.

You collected 308 gold pieces.

Inventory:

Hand Weapons
 a - a +2 sling (weapon)
 b - a +0 dagger
   (You found it on level 1 of the Dungeon)
 e - a +1 antimagic spear
   (You took it off a gnoll on level 6 of the Dungeon)
Missiles
 t - 5 boomerangs
Armour
 m - a +0 kite shield
   (You took it off a gnoll sergeant on level 6 of the Dungeon)
Jewellery
 g - a ring of resist corrosion (left tentacle)
   (You found it on level 1 of the Dungeon)
 h - an amulet of guardian spirit (around mantle)
   (You found it on level 5 of the Dungeon)
 o - a +6 ring of intelligence (right tentacle)
   (You found it on level 6 of the Dungeon)
 q - a +6 ring of intelligence (on tentacle)
   (You found it on level 5 of the Dungeon)
 x - a ring of wizardry
   (You found it in an ossuary)
Talismans
 z - a blade talisman
   (You found it on level 5 of the Dungeon)
Wands
 A - a wand of acid (1)
   (You found it on level 4 of the Dungeon)
 V - a wand of flame (10)
   (You found it on level 2 of the Dungeon)
Scrolls
 c - a scroll of torment
 k - 2 scrolls of fog
 y - 3 scrolls of poison
 B - 4 scrolls of blinking
 C - a scroll of fear {unknown}
 R - 2 scrolls of identify
 T - 3 scrolls of teleportation
Potions
 d - 6 potions of curing {unknown}
 f - a potion of brilliance
 i - 2 potions of heal wounds
 j - a potion of enlightenment {unknown}
 l - a potion of berserk rage {unknown}
 n - 5 potions of might {unknown}
 p - a potion of degeneration {unknown}
 r - a potion of magic {unknown}
 s - 2 potions of mutation {unknown}
 u - a potion of ambrosia {unknown}
 v - 2 potions of attraction {unknown}
 w - 2 potions of lignification {unknown}


   Skills:
 + Level 6.2 Fighting
 + Level 6.3 Ranged Weapons
 - Level 3.0 Dodging
 - Level 4.0 Stealth
 - Level 3.0 Spellcasting
 - Level 4.0 Hexes
 - Level 3.0 Fire Magic
 - Level 2.0 Evocations


You had 5 spell levels left.
You knew the following spells:

 Your Spells              Type           Power      Damage    Failure   Level
a - Jinxbite              Hex            52%        N/A       2%          2
b - Sigil of Binding      Hex            26%        N/A       4%          3
c - Inner Flame           Hex/Fire       23%        N/A       6%          3

Your spell library contained the following spells:

 Spells                   Type           Power      Damage    Failure   Level
 Cause Fear               Hex            13%        N/A       16%         4
 Dimensional Bullseye     Hex/Tloc       7%         N/A       34%         4
 Flame Wave               Conj/Fire      12%        2d6       41%         4
 Sticky Flame             Conj/Fire      12%        2d4       41%         4


Dungeon Overview and Level Annotations

Branches:
Dungeon (6/15) Zot: 24857  Temple (1/1) D:4 Zot: 5969 Ossuary (visited)

Altars:
Ashenzari
Cheibriados
Dithmenos
Elyvilon
Fedhas
Gozag
Hepliaklqana
Kikubaaqudgha
Makhleb
Nemelex Xobeh
Okawaru
Qazlal
Ru
Sif Muna
Trog
Vehumet
Wu Jian
Xom
Zin
The Shining One

Annotations:
D:3 Grinder


Innate Abilities, Weirdness & Mutations

You cannot wear most types of armour.
You are amphibious.
You can wear up to eight rings at the same time.
Your skin changes colour to match your surroundings (Stealth+).
Your rubbery body absorbs attacks. (AC +1, EV +1)
((You are camouflaged when in or above water. (Stealth+)))
You have tentacles for arms and can constrict up to eight enemies at once.


Message History

An orc comes into view. It is wielding a +0 club.
An orc comes into view. It is wielding a +0 hand axe.
You shoot a sling bullet.
The sling bullet barely misses the orc priest.
The sling bullet hits the orc but does no damage.
A giggling sprite leaps out and smacks the orc priest with its own hand.
The orc priest is heavily wounded.
The jinxing sprites lose interest in you.
You shoot a sling bullet. The sling bullet hits the orc.
The orc is heavily wounded.
The orc priest mumbles some strange prayers to Beogh against you.
Beogh smites you!
You take 8 damage, and have 49/57 hp.
You now have 8/12 mp.
You shoot a sling bullet.
The sling bullet closely misses the orc.
The sling bullet hits the orc.
The orc is heavily wounded.
You shoot a sling bullet. The sling bullet hits the orc.
You kill the orc!
The orc throws a boomerang.
The boomerang hits you.
You take 1 damage, and have 49/57 hp.
You shoot a sling bullet.
The sling bullet barely misses the orc. x2
You shoot a sling bullet.
The sling bullet hits the orc but does no damage.
The orc priest begins to cast a cantrip, but forgets the words!
You shoot a sling bullet.
The sling bullet closely misses the orc.
The orc priest seems less drained.
The orc barely misses you. x2
You shoot a sling bullet. The sling bullet hits the orc.
You kill the orc!
The orc closely misses you.
An ice beast comes into view.
You shoot a sling bullet.
The sling bullet hits the orc but does no damage.
The orc misses you. The orc barely misses you.
You shoot a sling bullet. The sling bullet hits the orc.
The orc is moderately wounded.
The orc hits you with a +0 flail. The orc hits you with a +0 club.
You take 3 damage, and have 48/57 hp.
You now have 8/12 mp.
You shoot a sling bullet.
The sling bullet completely misses the orc.
The orc hits you with a +0 flail.
The orc priest calls upon Beogh to heal the orc.
The orc's wounds heal themselves!
The orc closely misses you. x2
The orc hits you with a +0 club.
You take 6 damage, and have 42/57 hp.
You shoot a sling bullet. The sling bullet hits the orc.
The orc is moderately wounded.
The orc closely misses you.
The orc priest calls upon Beogh to heal the orc.
The orc's wounds heal themselves!
The orc closely misses you.
Casting: Jinxbite (safe; 2% risk of failure)
Confirm with . or Enter, or press ? or * to list all spells.
You beckon some vexing sprites to accompany your attacks.
You feel your willpower being sapped.
You now have 7/12 mp.
You shoot a sling bullet. The sling bullet barely misses the orc.
The sling bullet hits the orc.
The orc is almost dead.
A giggling sprite leaps out and doodles on the orc's face.
You kill the orc!
A giggling sprite leaps out and insults the orc's ancestors.
The orc is severely wounded.
The orc barely misses you.
The orc priest mumbles some strange prayers to Beogh against you.
Beogh smites you! The orc hits you with a +0 flail!
You take 20 damage, and have 23/57 hp.
MASSIVE DAMAGE!!
You now have 3/12 mp.
You are too injured to fight recklessly!
You are too injured to fight recklessly!
You are too injured to fight recklessly!
Unknown command.
Fire: a) +2 sling
Press: ? - help, Q - select action, (/) - cycle Shift-Dir - straight line, f/p - orc
Aim: an orc, wielding a +0 flail and wearing a +0 chain mail (severely wounded, heavily drained, chance to call a sprite on attack: 73%, 71% to hit)
You shoot a sling bullet.
The sling bullet closely misses the orc.
The orc seems less drained.
The orc priest calls upon Beogh to heal the orc.
The orc's wounds heal themselves!
The orc misses you.
Fire: a) +2 sling
Press: ? - help, Q - select action, (/) - cycle Shift-Dir - straight line, f/p - orc
Aim: an orc, wielding a +0 flail and wearing a +0 chain mail (chance to call a sprite on attack: 73%, 71% to hit)
You shoot a sling bullet.
The sling bullet completely misses the orc.
A giggling sprite leaps out and bonks the orc with its +0 flail.
The orc is heavily wounded.
The orc closely misses you.
Fire: a) +2 sling
Press: ? - help, Q - select action, (/) - cycle Shift-Dir - straight line, f/p - orc
Aim: an orc, wielding a +0 flail and wearing a +0 chain mail (heavily wounded, heavily drained, chance to call a sprite on attack: 73%, 71% to hit)
You shoot a sling bullet.
The sling bullet hits the orc but does no damage.
The orc is heavily wounded.
A giggling sprite leaps out and makes the orc trip over its own feet.
The orc is almost dead.
The jinxing sprites lose interest in you.
The orc closely misses you.
Fire: a) +2 sling
Press: ? - help, Q - select action, (/) - cycle Shift-Dir - straight line, f/p - orc
Aim: an orc, wielding a +0 flail and wearing a +0 chain mail (almost dead, heavily drained, 71% to hit)
You shoot a sling bullet.
The sling bullet hits the orc but does no damage.
The orc is almost dead.
The orc closely misses you.
Fire: a) +2 sling
Press: ? - help, Q - select action, (/) - cycle Shift-Dir - straight line, f/p - orc
Aim: an orc, wielding a +0 flail and wearing a +0 chain mail (almost dead, heavily drained, 71% to hit)
You shoot a sling bullet.
The sling bullet closely misses the orc.
The sling bullet hits the orc priest.
The orc priest is almost dead.
The orc priest begins to cast a cantrip, but forgets the words!
The orc hits you with a +0 flail.
You take 1 damage, and have 24/57 hp.
Casting: Jinxbite (safe; 2% risk of failure)
Confirm with . or Enter, or press ? or * to list all spells.
You beckon some vexing sprites to accompany your attacks.
You feel your willpower being sapped.
The orc priest calls upon Beogh to heal the orc.
The orc is healed somewhat.
The orc barely misses you.
You now have 2/12 mp.
Fire: a) +2 sling
Press: ? - help, Q - select action, (/) - cycle Shift-Dir - straight line, f - orc priest, p - orc
Aim: an orc priest, wielding a +0 short sword (almost dead, chance to call a sprite on attack: 57%, 64% to hit)
You shoot a sling bullet.
The sling bullet hits the orc but does no damage.
The orc is lightly wounded.
A giggling sprite leaps out and makes the orc trip over its own feet.
The orc is heavily wounded.
The orc priest calls down the wrath of Beogh upon you.
Beogh smites you!
* * * LOW HITPOINT WARNING * * *
The orc closely misses you.
You take 14 damage, and have 10/57 hp.
MASSIVE DAMAGE!!
You now have 1/12 mp.
Aiming: Corrosive Bolt
Press: ? - help, Shift-Dir - straight line, f/p - orc priest
Aim: an orc priest, wielding a +0 short sword (almost dead, chance to call a sprite on attack: 57%, 71% to hit)
The bolt of acid hits the orc!
The acid corrodes the orc!
You kill the orc!
The bolt of acid hits the orc priest!
You kill the orc priest!
Aiming: Corrosive Bolt
Press: ? - help, Shift-Dir - straight line, f - ice beast
Aim: an ice beast (chance to call a sprite on attack: 57%, 71% to hit)
The bolt of acid hits the ice beast!
The acid corrodes the ice beast!
The ice beast is heavily wounded.
The ice beast hits you.
* * * LOW HITPOINT WARNING * * *
The ice beast freezes you!
You die...

####..#####.####.
. #...<<## #.# ##
.. ###....####.##
).)
#..).......####
....
#.#..####.....#
#....#####.##.#
#...#..
#Y.))##.##.#
###.### #Y##.##.#
#.# #@##.##.# #.#
#....##.. #.#
##..####. #.#
#..# #.. #..# ##.
#..# #..# ####


You could see an ice beast (corroded).

Vanquished Creatures
  Sigmund (D:2)
  Eustachio (D:4)
  An ice beast (D:5)
  A hornet zombie (Ossuary)
  A sky beast (D:6)
  A gnoll sergeant (D:6)
  A wight (D:6)
  2 centaur zombies (Ossuary)
  3 bullfrog zombies (Ossuary)
  3 orc priests
  A gnoll bouda (D:4)
  Jessica (D:2)
  3 iguanas
  A killer bee zombie (Ossuary)
  13 mummies
  10 gnolls
  5 adders
  A shadow imp (D:6)
  A white imp (D:6)
  An ufetubus (D:4)
  A worm (D:2)
  2 dart slugs
  15 orcs
  3 bats
  2 giant cockroaches (D:3)
  5 goblins
  3 hobgoblins
  4 jackals (D:2)
  6 kobolds
  7 quokkas
  5 ball pythons
  A frilled lizard (D:2)
  11 rats
117 creatures vanquished.

Notes
Turn   | Place    | Note
-------+----------+-------------------------------------------
     0 | D:1      | mdonais the Octopode Hexslinger began the quest for the
                  | Orb.
     0 | D:1      | Reached XP level 1. HP: 13/13 MP: 2/2
   405 | D:1      | Reached XP level 2. HP: 18/18 MP: 3/3
   842 | D:2      | Learned a level 2 spell: Jinxbite
   960 | D:2      | Reached XP level 3. HP: 23/23 MP: 1/4
  1011 | D:2      | Noticed Jessica
  1015 | D:2      | Killed Jessica
  1183 | D:2      | Reached XP level 4. HP: 28/28 MP: 6/6
  1207 | D:2      | Noticed Sigmund
  1215 | D:2      | Killed Sigmund
  1216 | D:2      | Reached XP level 5. HP: 31/35 MP: 6/8
  1635 | D:2      | Learned a level 3 spell: Sigil of Binding
  1691 | D:3      | Reached XP level 6. HP: 33/41 MP: 9/9
  1999 | D:3      | Reached skill level 1 in Stealth
  2050 | D:3      | Noticed Grinder
  3290 | D:4      | Found a blossoming altar of Fedhas.
  3330 | D:4      | You fall into a shaft and drop 2 floors!
  3364 | D:6      | Found a glowing silver altar of Zin.
  3419 | D:6      | Reached XP level 7. HP: 28/46 MP: 1/10
  3802 | D:6      | Learned a level 3 spell: Inner Flame
  3852 | D:6      | Upgraded the game from 0.31-a0-705-ga145531891 to
                  | 0.31-a0-716-gc7603755dd
  3857 | D:5      | Entered Level 5 of the Dungeon
  4094 | D:5      | Found a sand-covered staircase.
  4111 | Ossuary  | Entered an ossuary
  4177 | Ossuary  | Reached XP level 8. HP: 54/54 MP: 4/11
  4204 | Ossuary  | Reached skill level 5 in Ranged Weapons
  4347 | Ossuary  | Reached skill level 5 in Fighting
  4933 | D:4      | Noticed Eustachio
  5168 | D:4      | Killed Eustachio
  5169 | D:4      | Reached skill level 1 in Evocations
  5344 | D:4      | Found a staircase to the Ecumenical Temple.
  5355 | Temple   | Entered the Ecumenical Temple
  5379 | Temple   | Became a worshipper of Hepliaklqana the Forgotten
  6129 | D:5      | Found an opulent altar of Gozag.
  6133 | D:5      | Found a white marble altar of Elyvilon.
  6134 | D:5      | Found a sacrificial altar of Ru.
  6134 | D:5      | Found a radiant altar of Vehumet.
  6137 | D:5      | Found a snail-covered altar of Cheibriados.
  6139 | D:5      | Found a shadowy altar of Dithmenos.
  6673 | D:6      | Slain by an ice beast

Illustrated notes

Levels and vault maps discovered:
D:1:      dpeg_arrival_ratfight, layout_loops_corners
D:2:      layout_loops_ring, hangedman_decor_riveting, uniq_sigmund,
          uniq_jessica
D:3:      layout_basic, uniq_grinder
D:4:      layout_cave_pools, fedhas_altar_1, temple_hall,
          hangedman_feature_mirror, uniq_eustachio
D:5:      layout_layer_cave, minitemple, gup_ossuary_entry_pyramid
D:6:      layout_rooms, zin_academy, jmf_multi_god_temple, minivault_10
Temple:   chequers_temple_sunken

Skill      XL: |  1  2  3  4  5  6  7  8 |
---------------+-------------------------+-----
Fighting       | 2 3 4 6 |  6.2
Ranged Weapons | 3 4 6 |  6.3
Dodging        | 3 |  3.0
Spellcasting   | 2 3 |  3.0
Fire Magic     | 2 3 |  3.0
Stealth        | 2 3 4 |  4.0
Hexes          | 4 |  4.0
Evocations     | 2 |  2.0

Action                     |  1- 3 |  4- 6 |  7- 9 || total
---------------------------+-------+-------+-------++-------
  Melee: Unarmed           |     8 |       |       ||     8
         Constrict         |     7 |     8 |     3 ||    18
         Tentacles         |     3 |    11 |     9 ||    23
         Dagger            |    12 |    37 |    22 ||    71
         Punch             |       |       |     1 ||     1
   Fire: Sling             |    57 |    82 |   199 ||   338
   Cast: Jinxbite          |     3 |    15 |    39 ||    57
         Sigil of Binding  |       |     2 |       ||     2
         Inner Flame       |       |       |     3 ||     3
  Evoke: Wand              |       |       |     3 ||     3
    Use: Scroll            |       |     6 |     3 ||     9
         Potion            |       |       |     1 ||     1
   Stab: Sleeping          |       |     1 |       ||     1
 Armour: Skin              |    19 |    26 |    79 ||   124
  Dodge: Dodged            |    27 |    40 |   100 ||   167

Table legend: (Time is in decaauts)
 A = Elapsed time spent in this place.
 B = Non-inter-level travel time spent in this place.
 C = Inter-level travel time spent in this place.
 D = Time resting spent in this place.
 E = Time spent auto-exploring this place.
 F = Levels seen in this place.
 G = Mean time per level.
                   A        B        C        D        E       F      G
               +--------+--------+--------+--------+--------+-----+--------+
         Total |   6713 |   6468 |    245 |    309 |   4911 |   8 |  839.1 |
       Dungeon |   6020 |   5790 |    230 |    186 |   4610 |   6 | 1003.3 |
        Temple |     30 |     15 |     15 |      0 |      0 |   1 |   30.0 |
       Ossuary |    661 |    661 |      0 |    123 |    301 |   1 |  661.0 |
               +--------+--------+--------+--------+--------+-----+--------+

Top non-repeatable levels by time:
     D:3: 1413 daAuts
     D:5: 1364 daAuts
     D:4: 980 daAuts
     D:1: 833 daAuts
     D:2: 826 daAuts
 Ossuary: 661 daAuts
     D:6: 601 daAuts
  Temple: 30 daAuts
